 Dungeon Crawl Stone Soup version 0.30-a0-457-g4b7bca3bfa (webtiles) character file.

Game seed: 7055092841972936011

6914 arthad the Fighter (level 11, 0/81 HPs)
             Began as a Djinni Fire Elementalist on Dec 13, 2022.
             Was an Elder of Okawaru.
             Slain by a two-headed ogre
             ... wielding a +0 giant club
              (21 damage)
             ... on level 10 of the Dungeon.
             The game lasted 00:21:02 (7956 turns).

arthad the Fighter (Djinni Fire Elementalist)       Turns: 7956, Time: 00:21:03

Health: 0/81       AC: 12    Str:  9    XL:     11   Next: 27%
Gold:   546        EV: 15    Int: 19    God:    Okawaru [****..] SH:  0 Dex: 18

rFire   + + +      SeeInvis .    p - +10 mace "Ximuzaca" {freeze, rC+ Dex+4 Stlth+}
rCold   . . .      Faith    .    (no shield)
rNeg    . . .      Spirit   .    t - +2 leather armour {rF+}
rPois   ∞          Reflect  .    r - +2 helmet
rElec   .          Harm     .    (no cloak)
rCorr   .          Rampage  .    n - +2 pair of gloves
Will    +....                    (boots unavailable)
Stlth   ++++......               s - amulet of regeneration
HPRegen 1.13/turn                (no ring)
MPRegen 0.00/turn                (no ring)

@: flying
A: sickness immunity, fire resistance 2, cold vulnerability 1, float, innate
caster, HP casting, extra vitality 1
a: Renounce Religion, Heroism, Finesse


You were on level 10 of the Dungeon.
You worshipped Okawaru.
Okawaru was greatly pleased with you.
You visited 2 branches of the dungeon, and saw 11 of its levels.
You also visited: Sewer.

You collected 546 gold pieces.

Inventory:

Hand Weapons
 e - a +4 dagger of speed
 f - a +1 broad axe
 p - the +10 mace "Ximuzaca" (weapon) {freeze, rC+ Dex+4 Stlth+}
   (You found it on level 3 of the Dungeon)

   It freezes those it strikes, dealing additional cold damage.
   It can also slow down cold-blooded creatures.
   Dex:       It affects your dexterity (+4).
   rC:        It protects you from cold.
   Stlth:     It makes you more stealthy.
 T - a +0 battleaxe of draining
Missiles
 y - 15 poisoned darts
 O - a curare-tipped dart
Armour
 a - a +0 robe
 i - a +0 helmet
 n - a +2 pair of gloves (worn)
 r - a +2 helmet (worn)
 t - a +2 leather armour of fire resistance (worn)
 u - a +0 buckler
 x - the +2 ring mail of Mirth {Harm rN+ Str-4}
   (You found it on level 4 of the Dungeon)

   Str:       It affects your strength (-4).
   rN:        It protects you from negative energy.
   Harm:      It increases damage dealt and taken.
Jewellery
 s - an amulet of regeneration (around neck)
 K - an amulet of reflection
 R - the ring "Toreffe" {Fly rElec rF- MP+9}
   (You found it on level 9 of the Dungeon)

   [ring of magical power]

   rF:        It makes you vulnerable to fire.
   rElec:     It insulates you from electricity.
   MP:        It affects your magic capacity (+9).
   Fly:       It grants you flight.
Wands
 A - a wand of flame (28)
 I - a wand of polymorph (11)
 L - a wand of paralysis (16)
Scrolls
 c - a scroll of amnesia
 q - 3 scrolls of identify
 v - a scroll of enchant weapon
 B - 4 scrolls of teleportation
 F - a scroll of vulnerability
 G - a scroll of silence
 H - a scroll of noise {unknown}
 J - a scroll of immolation {unknown}
 N - 2 scrolls of poison {unknown}
 Q - a scroll of magic mapping {unknown}
 S - 3 scrolls of fog {unknown}
Potions
 b - 3 potions of brilliance
 d - a potion of attraction {unknown}
 g - a potion of berserk rage {unknown}
 h - a potion of resistance {unknown}
 j - 3 potions of mutation {unknown}
 k - a potion of ambrosia {unknown}
 l - 2 potions of degeneration {unknown}
 m - 6 potions of curing {unknown}
 o - 7 potions of heal wounds
 w - 4 potions of might {unknown}
 z - 2 potions of magic {unknown}
 C - a potion of cancellation {unknown}
 D - 2 potions of haste {unknown}
 M - 2 potions of invisibility {unknown}
 P - a potion of lignification {unknown}


   Skills:
 * Level 8.1 Fighting
 + Level 4.2 Maces & Flails
 + Level 5.1 Armour
 + Level 7.1 Dodging
 + Level 5.9 Stealth
 * Level 7.2 Spellcasting


You couldn't memorise any spells.
You knew the following spells:

 Your Spells              Type           Power      Damage    Failure   Level
a - Foxfire               Conj/Fire      100%       2x1d9     1%          1
b - Scorch                Fire           68%        2d8       1%          2
c - Kindle Blastsparks    Fire/Tloc/Air  68%        2d15      1%          3
d - Inner Flame           Hex/Fire       34%        N/A       1%          3
e - Flame Wave            Conj/Fire      34%        2d10      7%          4
f - Shock                 Conj/Air       100%       1d9       1%          1
g - Searing Ray           Conj           68%        2d6       1%          2
h - Vhi's Electric Charg  Tloc/Air       68%        N/A       1%          3
i - Leda's Liquefaction   Hex/Erth       17%        N/A       7%          4
j - Alistair's Intoxicat  Tmut/Pois      22%        N/A       19%         5
Your spell library was empty.

Dungeon Overview and Level Annotations

Branches:
Dungeon (10/15)            Temple (1/1) D:5            Lair (0/5) D:10
  Sewer (visited)
    Orc: D:9-12

Altars:
Ashenzari
Cheibriados
Dithmenos
Elyvilon
Fedhas
Gozag
Hepliaklqana
Makhleb
Nemelex Xobeh
Okawaru
Qazlal
Ru
Trog
Uskayaw
Wu Jian
Xom
Yredelemnul
Zin
The Shining One

Shops:
D:2 ?   D:7 =

Annotations:
D:8 2 transporters, NinjaNoafa's ghost, novice SpVM


Innate Abilities, Weirdness & Mutations

You are immune to sickness and miasma.
You are immune to poison.
Your flesh is very heat resistant. (rF++)
You are vulnerable to cold. (rC-)
You float through the air rather than walking.
You learn spells naturally, not from books.
Your magical power is your life essence.
You have superior vitality. (+4 MHP)


Message History

There is an open door here.
There is an open door here.
There is an open door here.
There is an open door here.
There is an open door here.
You reach down and open the door.
There is an open door here.
There is an open door here.
You reach down and open the door.
There is an open door here.
You reach down and open the door.
There is an open door here.
You reach down and open the door.
There is an open door here.
You reach down and open the door.
There is an open door here.
Found an escape hatch in the floor.
You reach down and open the door.
There is an open door here.
As you open the door, it creaks loudly!
Found a scroll labelled MOTIMP OHYR.
There is an open door here.
N - 2 scrolls labelled MOTIMP OHYR (gained 1)
Found a staircase to the Lair.
You reach down and open the door.
A two-headed ogre comes into view. It is wielding two +0 giant clubs.
Found a pair of gloves.
A two-headed ogre is nearby!
There is an open door here.
The helpless two-headed ogre fails to defend itself.
You sock the two-headed ogre! You freeze the two-headed ogre.
The two-headed ogre is moderately wounded.
The two-headed ogre hits you with a +0 giant club!!
The two-headed ogre hits you with a +0 giant club!
You hit the two-headed ogre. You freeze the two-headed ogre.
The two-headed ogre is moderately wounded.
The two-headed ogre hits you with a +0 giant club!!
* * * LOW HITPOINT WARNING * * *
The two-headed ogre hits you with a +0 giant club!!
You die...

#.....##P....##
#..
####'####...##
##. #.###...##
#) #..##.### ##
#####'##.# #
#........# #
#........### #
#........'.#
#........#@#
#........#O#
#........#.+
############


You could see a two-headed ogre.

Vanquished Creatures
  2 two-headed ogres (D:9)
  A komodo dragon (D:7)
  A troll (D:9)
  A hornet (D:9)
  2 wraiths (D:9)
  A wyvern (D:9)
  6 yaks (D:10)
  A steam dragon (D:4)
  4 water moccasins
  2 orc warriors
  5 ice beasts
  An ogre (D:5)
  A sky beast (D:5)
  5 centaurs
  3 phantoms
  2 bullfrogs (D:8)
  A kobold brigand (D:8)
  2 necrophages
  A gnoll sergeant (D:6)
  4 scorpions (D:5)
  4 wights (D:6)
  2 howler monkeys (D:9)
  3 hounds
  8 jellies
  6 orc priests
  An iguana (D:7)
  4 orc wizards
  3 gnolls (D:6)
  10 adders
  A river rat (Sewer)
  3 ufetubi
  6 worms
  A dart slug (D:2)
  17 orcs
  10 bats
  20 endoplasms
  11 giant cockroaches
  6 goblins
  11 hobgoblins
  4 jackals (D:1)
  6 quokkas
  5 ball pythons
  5 frilled lizards
  11 kobolds
  8 rats
212 creatures vanquished.

Vanquished Creatures (others)
  198 foxfires
198 creatures vanquished.

Grand Total: 410 creatures vanquished

Notes
Turn   | Place    | Note
-------+----------+-------------------------------------------
     0 | D:1      | arthad the Djinni Fire Elementalist began the quest for the
                  | Orb.
     0 | D:1      | arthad set off with the following spells memorised:
                  | Foxfire, Scorch, Kindle Blastsparks, Inner Flame, Flame
                  | Wave.
     0 | D:1      | Reached XP level 1. HP: 15/15 MP: 0/0
    99 | D:1      | Reached XP level 2. HP: 20/21 MP: 0/0
   223 | D:1      | Found a faded altar of an unknown god.
   349 | D:1      | Reached XP level 3. HP: 25/25 MP: 0/0
   349 | D:1      | Learned a level 1 spell: Shock
   844 | D:2      | Reached XP level 4. HP: 26/31 MP: 0/0
  1005 | D:2      | Found Azaozupo's Magic Scroll Emporium.
  1595 | D:3      | Reached XP level 5. HP: 34/36 MP: 0/0
  1595 | D:3      | Learned a level 2 spell: Searing Ray
  1636 | D:3      | Found a white marble altar of Elyvilon.
  1683 | D:3      | Identified the +10 mace "Ximuzaca" {freeze, rC+ Dex+4
                  | Stlth+}
  1805 | D:3      | Reached skill level 1 in Fighting
  2371 | D:4      | Noticed a steam dragon
  2381 | D:4      | Killed a steam dragon
  2382 | D:4      | Reached XP level 6. HP: 40/43 MP: 0/0
  2387 | D:4      | Reached skill level 2 in Fighting
  2650 | D:4      | Reached XP level 7. HP: 49/49 MP: 0/0
  2650 | D:4      | Learned a level 3 spell: Vhi's Electric Charge
  2700 | D:4      | Identified the +2 ring mail of Mirth {Harm rN+ Str-4}
  3147 | D:5      | Entered Level 5 of the Dungeon
  3180 | D:5      | Reached skill level 3 in Fighting
  3185 | D:5      | Reached skill level 1 in Armour
  3253 | D:5      | Reached skill level 1 in Maces & Flails
  3253 | D:5      | Reached XP level 8. HP: 56/56 MP: 0/0
  3408 | D:5      | Found a hide-covered altar of Uskayaw.
  3513 | D:5      | Found a staircase to the Ecumenical Temple.
  3527 | D:5      | Reached skill level 4 in Fighting
  3530 | Temple   | Entered the Ecumenical Temple
  3692 | Temple   | Became a worshipper of Warmaster Okawaru
  3761 | D:5      | Found a glowing silver altar of Zin.
  3868 | D:6      | Found a basalt altar of Yredelemnul.
  3869 | D:6      | Found a burning altar of Makhleb.
  3984 | D:6      | Found a glowing drain.
  3995 | Sewer    | Entered a sewer
  4194 | Sewer    | Found a viscous altar of Jiyva.
  4202 | Sewer    | Reached skill level 5 in Dodging
  4202 | Sewer    | Reached skill level 5 in Spellcasting
  4408 | D:6      | Reached XP level 9. HP: 63/63 MP: 0/0
  4408 | D:6      | Learned a level 4 spell: Leda's Liquefaction
  4582 | D:6      | Reached * piety under Okawaru
  4624 | D:6      | Reached skill level 5 in Fighting
  5341 | D:7      | Found Usokhiqy's Jewellery Boutique.
  5341 | D:7      | Noticed a komodo dragon
  5354 | D:7      | Killed a komodo dragon
  5354 | D:7      | Reached ** piety under Okawaru
  5524 | D:7      | Found an opulent altar of Gozag.
  5636 | D:7      | Reached skill level 6 in Fighting
  5636 | D:7      | Reached XP level 10. HP: 70/72 MP: 0/0
  5867 | D:8      | Reached skill level 5 in Stealth
  5884 | D:8      | Found a transporter.
  5899 | D:8      | Noticed a boulder beetle
  5905 | D:8      | Noticed a cyclops
  5906 | D:8      | Noticed NinjaNoafa's ghost (novice SpVM)
  6017 | D:8      | Found a transporter.
  6426 | D:9      | Noticed a two-headed ogre
  6433 | D:9      | Killed a two-headed ogre
  6433 | D:9      | Reached *** piety under Okawaru
  6434 | D:9      | Reached skill level 7 in Fighting
  6625 | D:9      | Found a hazy altar of Hepliaklqana.
  6688 | D:9      | Noticed a two-headed ogre
  6697 | D:9      | Killed a two-headed ogre
  6697 | D:9      | Reached **** piety under Okawaru
  6764 | D:9      | Identified the ring "Toreffe" {Fly rElec rF- MP+9}
  6893 | D:9      | Reached XP level 11. HP: 77/79 MP: 0/0
  6893 | D:9      | Learned a level 5 spell: Alistair's Intoxication
  7010 | D:9      | Found an ornate altar of the Wu Jian Council.
  7437 | D:10     | Entered Level 10 of the Dungeon
  7442 | D:10     | Reached skill level 5 in Armour
  7443 | D:10     | Reached skill level 8 in Fighting
  7935 | D:10     | Found a staircase to the Lair.
  7952 | D:10     | Noticed a two-headed ogre
  7956 | D:10     | Slain by a two-headed ogre

Illustrated notes

Levels and vault maps discovered:
D:1:      mrwooster_arrival_statue_3, layout_loops_ring,
          ebering_ecumenical_altar_box
D:2:      layout_basic, serial_shops, shop
D:3:      layout_loops_ring, mainiacjoe_overflow_catwalk, st_stairs_8,
          kennysheep_potato
D:4:      layout_basic, grunt_decor_junction
D:5:      layout_rooms, nicolae_uskayaw_dance_hall, old_standard_altar,
          minmay_temple_entry_sparse_star
D:6:      layout_basic, grunt_temple_overflow_open, gup_sewer_entry_bubbles,
          minivault_4, grunt_tough_drop
D:7:      layout_basic, mainiacjoe_overflow_alcove_4, serial_shops,
          shop_fountains
D:8:      layout_loops_ring, gammafunk_ghost_arena
D:9:      layout_cave_pods, nicolae_wu_jian_wuxing_cycle,
          worldfamousw_hep_ancestral_shrine, kennysheep_generic_room_13
D:10:     layout_roguey, kiku_gazebo_garden_becter, david_lair_shrubbed,
          serial_curves, eino_curves_01, eino_curves_02
Temple:   nicolae_temple_bog_church

Skill      XL: |  1  2  3  4  5  6  7  8  9 10 11 |
---------------+----------------------------------+-----
Stealth        | 2 3 4 5 |  5.9
Dodging        | 3 4 5 6 7 |  7.1
Spellcasting   | 3 4 5 6 7 |  7.2
Fighting       | 1 2 3 4 6 7 8 |  8.1
Armour         | 1 2 3 4 5 |  5.1
Maces & Flails | 1 2 3 4 |  4.2

Action                   |  1- 3 |  4- 6 |  7- 9 | 10-12 || total
-------------------------+-------+-------+-------+-------++-------
Melee: Unarmed           |     4 |       |       |       ||     4
       Dagger            |    24 |     9 |       |       ||    33
       Mace              |       |    60 |   231 |    87 ||   378
       Punch             |       |       |     4 |     3 ||     7
 Cast: Foxfire           |    42 |    37 |       |    38 ||   117
       Scorch            |       |     1 |       |    13 ||    14
       Vhi's Electric Ch |       |       |     4 |       ||     4
       Flame Wave        |       |       |       |     2 ||     2
       Alistair's Intoxi |       |       |       |     1 ||     1
Evoke: Wand              |       |       |     1 |       ||     1
  Use: Scroll            |       |       |     9 |     2 ||    11
       Potion            |       |       |       |     1 ||     1
 Stab: Sleeping          |     2 |     6 |    22 |     9 ||    39
Armor: Robe              |     9 |    19 |       |       ||    28
       Leather armour    |       |     4 |    94 |    45 ||   143
Dodge: Dodged            |    33 |    56 |   166 |    94 ||   349

Table legend: (Time is in decaauts)
 A = Elapsed time spent in this place.
 B = Non-inter-level travel time spent in this place.
 C = Inter-level travel time spent in this place.
 D = Time resting spent in this place.
 E = Time spent auto-exploring this place.
 F = Levels seen in this place.
 G = Mean time per level.
                   A        B        C        D        E       F      G
               +--------+--------+--------+--------+--------+-----+--------+
         Total |   8061 |   7701 |    360 |    227 |   5794 |  12 |  671.8 |
       Dungeon |   7632 |   7317 |    315 |    207 |   5578 |  10 |  763.2 |
        Temple |    184 |    139 |     45 |      0 |    126 |   1 |  184.0 |
         Sewer |    244 |    244 |      0 |     20 |     90 |   1 |  244.0 |
               +--------+--------+--------+--------+--------+-----+--------+

Top non-repeatable levels by time:
     D:9: 1028 daAuts
     D:7: 940 daAuts
     D:4: 878 daAuts
     D:2: 788 daAuts
     D:3: 786 daAuts
     D:6: 724 daAuts
     D:8: 709 daAuts
     D:1: 708 daAuts
     D:5: 548 daAuts
    D:10: 519 daAuts
   Sewer: 244 daAuts
  Temple: 184 daAuts
